 Dungeon Crawl Stone Soup version 0.26-a0-259-g1effd001a9 (webtiles) character file.

931 raph the Stinger (level 8, -2/59 HPs)
             Began as a Ghoul Venom Mage on May 2, 2015.
             Slain by a centaur (8 damage)
             ... on level 7 of the Dungeon on July 11, 2020.
             The game lasted 00:18:42 (7072 turns).

raph the Stinger (Ghoul Venom Mage)                 Turns: 7072, Time: 00:18:44

Health: -2/59      AC:  6    Str: 18    XL:     8   Next: 11%
Magic:  9/10       EV: 14    Int: 11    God:
Gold:   310        SH:  0    Dex: 10    Spells: 8/11 levels left

rFire    . . .     SeeInvis .   a - +1 whip (elec)
rCold    + . .     Faith    .   (no shield)
rNeg     + + +     Spirit   .   u - +1 leather armour
rPois    ∞         Reflect  .   n - +1 helmet
rElec    .         Harm     .   (no cloak)
rCorr    .                      (no gloves)
MR       .....                  (no boots)
Stlth    ++........             (no amulet)
HPRegen  0.00/turn              t - +2 ring of evasion
MPRegen  0.12/turn              v - +6 ring of strength

@: rotting
A: rotting body, claws 1, carnivore, cold resistance 1, negative energy
resistance 3, inhibited regeneration, torment resistance, unbreathing
a: no special abilities


You were on level 7 of the Dungeon.
You were not hungry.

You visited 1 branch of the dungeon, and saw 7 of its levels.

You collected 310 gold pieces.

Inventory:

Hand Weapons
 a - a +1 whip of electrocution (weapon)
Missiles
 d - 125 stones (quivered)
 j - 28 poisoned darts
Armour
 n - a +1 helmet (worn)
 u - a +1 leather armour (worn)
Jewellery
 t - a +2 ring of evasion (left claw)
 v - a +6 ring of strength (right claw)
Scrolls
 b - 2 scrolls of amnesia
 h - a scroll of immolation {unknown}
 l - 4 scrolls of teleportation
 o - a scroll of identify
 q - a scroll of remove curse
 r - a scroll of magic mapping
Potions
 g - a potion of lignification {unknown}
 i - a potion of brilliance
 k - a potion of resistance {unknown}
 m - 4 potions of curing
 p - 3 potions of haste {unknown}
Comestibles
 c - 22 rations


   Skills:
 - Level 1.1 Fighting
 * Level 5.9 Maces & Flails
 - Level 2.4 Dodging
 - Level 2.6 Stealth
 - Level 0.2 Unarmed Combat
 - Level 2.2 Spellcasting
   Level 0.1 Conjurations
 + Level 6.4 Poison Magic


You had 8 spell levels left.
You knew the following spells:

 Your Spells              Type           Power        Failure   Level
a - Sting                 Tmut/Pois      #...         9%          1
b - Poisonous Vapours     Pois/Air       #.....       14%         2

Your spell library contained the following spells:

 Spells                   Type           Power        Failure   Level
 Olgreb's Toxic Radiance  Pois           ###.....     24%         4
 Mephitic Cloud           Conj/Pois/Air  #.......     38%         3


Dungeon Overview and Level Annotations

Branches:
Dungeon (7/15)
 Temple: D:4-7

Altars:
Elyvilon
Sif Muna

Annotations:
D:3 3 runed translucent doors, Esekla's ghost, amateur FoNe; XanderDroid's ghost, amateur GrEE; iles's ghost, amateur SpCj; p0werm0de's ghost, amateur DDFi
D:6 Eustachio


Innate Abilities, Weirdness & Mutations

Your body is rotting away.
You thrive on raw meat.
You are immune to poison.
You have sharp fingernails.
You are carnivorous and can eat meat at any time.
Your flesh is cold resistant. (rC+)
You are immune to negative energy. (rN+++)
You do not regenerate when monsters are visible.
You are immune to unholy pain and torment.
You can survive without breathing.


Message History

There is a stone staircase leading up here.
You hit the centaur. Lightning courses through the centaur!
The centaur is severely wounded.
The centaur hits you.
* * * LOW HITPOINT WARNING * * *
The hound bites you but does no damage. The centaur barely misses you. x2
Found 2 rations.
Casting: Sting (safe; 9% risk of failure)
Confirm with . or Enter, or press ? or * to list all spells.
Aiming: Sting (safe; 9% risk of failure)
Press: ? - help, Shift-Dir - straight line, f - centaur
Aim: a centaur, quivering 18 arrows (severely wounded)
The sting hits the centaur but does no damage.
The centaur is poisoned.
The centaur is severely wounded.
The hound bites you.
* * * LOW HITPOINT WARNING * * *
The centaur hits you!
You die...

#.%###.....
....#....
........
$.....
#.... ...#
#..# #@.#
#hc# #...#
#......
#..#...#
#.. ...#
### #.## ##


You could see a centaur (poisoned) and a hound.

Vanquished Creatures
  2 ogres (D:6)
  A centaur (D:5)
  6 orc wizards
  4 orc priests
  A hound (D:4)
  A bullfrog skeleton (D:5)
  2 iguanas
  4 worker ants
  A worker ant zombie (D:5)
  4 adders
  2 shadow imps (D:5)
  3 ufetubi (D:5)
  An ooze (D:3)
  4 worms
  2 dart slugs
  3 leopard geckos
  15 orcs
  7 goblins
  4 hobgoblins
  7 jackals
  16 kobolds
  2 quokkas
  A ball python (D:4)
  6 bats
  4 frilled lizards
  4 giant cockroaches
  A quokka skeleton (D:4)
  5 rats
113 creatures vanquished.

Vanquished Creatures (others)
  A plant (D:3)
1 creature vanquished.

Grand Total: 114 creatures vanquished

Notes
Turn   | Place    | Note
-------+----------+-------------------------------------------
     0 | D:1      | raph, the Ghoul Venom Mage, began the quest for the Orb.
     0 | D:1      | Reached XP level 1. HP: 14/14 MP: 2/2
     0 | D:1      | Upgraded the game from 0.17-a0-910-ga669010 to
                  | 0.17-a0-1625-g47e540b
   534 | D:1      | Reached XP level 2. HP: 17/20 MP: 1/3
  1362 | D:1      | Reached XP level 3. HP: 9/21 MP: 0/5
  2167 | D:2      | Found a white marble altar of Elyvilon.
  2284 | D:2      | Upgraded the game from 0.24-a0-698-g60d090ba07 to
                  | 0.26-a0-259-g1effd001a9
  2378 | D:2      | Found a shimmering blue altar of Sif Muna.
  2478 | D:2      | Reached skill level 1 in Fighting
  2737 | D:3      | Reached XP level 4. HP: 23/35 MP: 6/6
  2747 | D:3      | Learned a level 2 spell: Poisonous Vapours
  2879 | D:3      | Found a runed translucent gate.
  2879 | D:3      | Noticed XanderDroid's ghost (amateur GrEE)
  2880 | D:3      | Noticed Esekla's ghost (amateur FoNe)
  3033 | D:3      | Noticed iles's ghost (amateur SpCj)
  3033 | D:3      | Noticed p0werm0de's ghost (amateur DDFi)
  3118 | D:3      | Found a runed translucent gate.
  3124 | D:3      | Found a runed translucent gate.
  3155 | D:3      | Reached skill level 1 in Maces & Flails
  3323 | D:3      | Reached XP level 5. HP: 28/40 MP: 0/7
  4266 | D:4      | Reached skill level 5 in Poison Magic
  4857 | D:4      | Reached XP level 6. HP: 47/47 MP: 8/8
  5005 | D:5      | Entered Level 5 of the Dungeon
  5344 | D:5      | Reached XP level 7. HP: 48/52 MP: 9/9
  6135 | D:5      | Reached skill level 5 in Maces & Flails
  6135 | D:5      | Reached skill level 6 in Poison Magic
  6893 | D:6      | Reached XP level 8. HP: 40/59 MP: 7/10
  7007 | D:6      | Noticed a hippogriff
  7039 | D:6      | Noticed Eustachio
  7072 | D:7      | Slain by a centaur

Illustrated notes

Levels and vault maps discovered:
D:1:      minmay_arrival_hallway, minmay_vboxes
D:2:      layout_rooms, elyvilon_altar_5, marbit_many_paths, first_ration,
          serial_park_tiny_1, minmay_circle_x
D:3:      layout_rooms, serial_bayou, serial_bayou_pond_a, serial_bayou_ford_a,
          serial_bayou_pond_e, serial_bayou_crossing, serial_bayou_lake_a,
          serial_bayou_pond_c, gammafunk_ghost_cemetery
D:4:      layout_basic, kennysheep_small_circle
D:5:      layout_basic, due_unseen_surprise
D:6:      layout_rooms, grunt_temple_overflow_open,
          minmay_temple_entry_gardened_gates, uniq_eustachio
D:7:      layout_cave_pools, nicolae_ossuary_entry_catacombs

Skill      XL: |  1  2  3  4  5  6  7 |
---------------+----------------------+-----
Spellcasting   | 2 |  2.2
Fighting       | 1 |  1.1
Maces & Flails | 1 3 4 5 |  5.9
Poison Magic   | 5 6 |  6.4
Dodging        | |  2.4
Stealth        | |  2.6
Unarmed Combat | |  0.2
Conjurations   | |  0.1

Action                   |  1- 3 |  4- 6 |  7- 9 || total
-------------------------+-------+-------+-------++-------
Melee: Unarmed           |    25 |       |       ||    25
       Mace              |    22 |       |       ||    22
       Whip              |    47 |   140 |   116 ||   303
Throw: Stone             |     1 |       |       ||     1
 Cast: Sting             |    11 |       |       ||    11
       Sting             |    45 |    13 |    31 ||    89
       Poisonous Vapours |       |       |     2 ||     2
  Use: Scroll            |       |    14 |     2 ||    16
       Potion            |       |       |     3 ||     3
 Stab: Sleeping          |     1 |       |       ||     1
       Sleeping          |     1 |     2 |     1 ||     4
       Invisible         |       |       |     1 ||     1
  Eat: Chunk             |     1 |       |       ||     1
       Chunk             |    10 |     9 |     4 ||    23
       Ration            |     1 |       |       ||     1
Armor: Robe              |    31 |     4 |       ||    35
       Leather armour    |       |    37 |    43 ||    80
Dodge: Dodged            |   100 |    97 |   117 ||   314

Table legend:
 A = Non-vault XP
 B = Vault XP
 C = Vault XP percentage of total XP
 D = Non-vault monster count
 E = Vault monster count
 F = Vault count percentage of total count
                 A         B        C        D         E       F
            +---------+---------+-------+---------+---------+-------
      Total |    1271 |      31 |   2.4 |      79 |      15 |  16.0
            +---------+---------+-------+---------+---------+-------
        D:1 |       0 |      12 | 100.0 |       0 |       7 | 100.0
        D:2 |      21 |      18 |  46.2 |      10 |       7 |  41.2
        D:3 |     113 |       0 |   0.0 |      20 |       0 |   0.0
        D:4 |     162 |       1 |   0.6 |       9 |       1 |  10.0
        D:5 |     730 |       0 |   0.0 |      37 |       0 |   0.0
        D:6 |     245 |       0 |   0.0 |       3 |       0 |   0.0
            +---------+---------+-------+---------+---------+-------
